[Event "Titled Tuesday Blitz June 8 2021"]
[White "Zierk, Steven"]
[Black "Sadovsky, Artem"]
[WhiteFideId "2034255"]
[BlackFideId "4155840"]
[WhiteElo "2502"]
[BlackElo "2442"]
[Result "1-0"]
[Round "05"]
[TimeControl "180+1"]
[Date "2021.06.08"]
[WhiteClock "0:01:46"]
[BlackClock "0:00:27"]

1. e4 g6 2. d4 Bg7 3. Nc3 c6 4. Nf3 d5 5. h3 dxe4 6. Nxe4 Nf6 7. Nxf6+ exf6 8. Be3 O-O 9. Bc4 Re8 10. O-O Be6 11. Bxe6 fxe6 12. c4 Nd7 13. Bf4 Nb6 14. b3 Kf7 15. Qc2 a5 16. a4 Bf8 17. Rfe1 Bb4 18. Re4 Qd7 19. Bd2 Bxd2 20. Qxd2 Kg7 21. Rae1 Re7 22. R1e2 Nc8 23. Qe1 Kf7 24. Rf4 Kg7 25. g4 g5 26. Rfe4 Kf7 27. Re5 b6 28. Rxg5 Qd6 29. Rh5 Qf4 30. Rxh7+ Kg8 31. Rxe7 Nxe7 32. Rxe6 Qxf3 33. Rxe7 1-0


[Site "https://www.chess.com"]

[Event "Titled Tuesday Blitz June 8 2021"]
[White "Zubov, Alexander"]
[Black "Ibrahimli, Murad"]
[WhiteFideId "14109409"]
[BlackFideId "13410229"]
[WhiteElo "2740"]
[BlackElo "2109"]
[Result "0-1"]
[Round "05"]
[TimeControl "180+1"]
[Date "2021.06.08"]
[WhiteClock "0:00:01"]
[BlackClock "0:00:02"]

1. d4 Nf6 2. c4 g6 3. Nc3 d5 4. e3 Bg7 5. Qb3 e6 6. Nf3 O-O 7. Be2 b6 8. cxd5 exd5 9. Qa3 Bb7 10. b4 c6 11. b5 c5 12. O-O Nbd7 13. Rd1 Qe7 14. Bb2 Rfe8 15. dxc5 bxc5 16. Rac1 Nb6 17. Qb3 Ng4 18. Re1 Nxf2 19. Kxf2 Qxe3+ 20. Kf1 Qf4 21. Nd1 c4 22. Qc2 d4 23. Bxc4 Nxc4 24. Qxc4 Rxe1+ 25. Kxe1 Bxf3 26. gxf3 Qxf3 27. Nf2 d3 28. Qxd3 Qf4 29. Ba3 Re8+ 30. Kf1 Bd4 31. Rc2 Bb6 32. Bc5 Bc7 33. h3 Qh2 34. Bxa7 Bg3 35. Re2 Rc8 36. Rc2 Re8 37. Qf3 Bxf2 38. Bxf2 Qd6 39. b6 Qd7 40. b7 Qa4 41. Re2 Qb5 0-1


[Site "https://www.chess.com"]

[Event "Titled Tuesday Blitz June 8 2021"]
[White "Aradhya, Garg"]
[Black "Zierk, Steven"]
[WhiteFideId "25006746"]
[BlackFideId "2034255"]
[WhiteElo "2146"]
[BlackElo "2502"]
[Result "1/2-1/2"]
[Round "06"]
[TimeControl "180+1"]
[Date "2021.06.08"]
[WhiteClock "0:00:08"]
[BlackClock "0:00:09"]

1. d4 d5 2. c4 dxc4 3. e3 e6 4. Bxc4 Nf6 5. Nf3 c5 6. O-O a6 7. Nbd2 cxd4 8. Nxd4 Be7 9. Be2 Nbd7 10. a4 O-O 11. Nc4 Nb6 12. Qb3 Nxc4 13. Bxc4 Ne4 14. Qc2 Nd6 15. Bd3 h6 16. Rd1 Bd7 17. Bd2 Rc8 18. Bc3 Bf6 19. Qb3 e5 20. Nf5 Be6 21. Qb4 Nxf5 22. Bxf5 Qe8 23. Bxe6 Qxe6 24. Qxb7 e4 25. Bxf6 Qxf6 26. Qxe4 Qxb2 27. Rab1 Qf6 28. g3 Rc5 29. Qd4 Qf5 30. g4 Qc8 31. h3 h5 32. Qd7 Qa8 33. Rb7 hxg4 34. hxg4 Rc4 35. Rd4 Rxd4 36. exd4 a5 37. d5 Qa6 38. Rb5 Qf6 39. Qf5 Qa1+ 40. Kg2 Qxa4 41. d6 Qd1 42. Rd5 Qa4 43. d7 Qc6 44. f3 Rd8 45. Qe4 a4 46. Rd4 Qxe4 47. Rxe4 Rxd7 48. Rxa4 g6 49. Kg3 Kg7 50. g5 Rd5 51. Kg4 Kf8 52. Ra8+ Ke7 53. Ra7+ Ke6 54. Ra6+ Rd6 55. Ra5 Rc6 56. Kg3 Rc4 57. Rb5 Rd4 58. Rb6+ Rd6 59. Rb4 Rd5 60. Kf4 Rf5+ 61. Kg4 Rd5 62. Re4+ Kd6 63. Ra4 Rc5 64. Rd4+ Ke5 65. Re4+ Kd6 66. Rf4 Ke6 67. Re4+ Re5 68. Ra4 Rc5 69. Ra6+ Ke7 70. Ra7+ Ke6 71. Ra6+ Ke7 72. Ra7+ Ke6 73. Ra6+ 1/2-1/2


[Site "https://www.chess.com"]

[Event "Titled Tuesday Blitz June 8 2021"]
[White "Bachmann, Axel"]
[Black "Quparadze, Giga"]
[WhiteFideId "3700488"]
[BlackFideId "13602250"]
[WhiteElo "2642"]
[BlackElo "2658"]
[Result "0-1"]
[Round "06"]
[TimeControl "180+1"]
[Date "2021.06.08"]
[WhiteClock "0:00:04"]
[BlackClock "0:00:12"]

1. d4 Nf6 2. c4 e6 3. Nc3 Bb4 4. e3 b6 5. Ne2 Bb7 6. a3 Bd6 7. d5 O-O 8. g3 exd5 9. Bg2 Nc6 10. cxd5 Ne5 11. O-O Re8 12. b3 h5 13. h3 h4 14. g4 Nfxg4 15. hxg4 h3 16. Bxh3 Qh4 17. Kg2 Nxg4 18. Nf4 Nf6 19. Qf3 Be5 20. Bb2 g5 21. Rh1 gxf4 22. Rag1 fxe3 23. fxe3 Bxc3 24. Kf1+ Kf8 25. Bxc3 Nxd5 26. Bg7+ Ke7 27. Be6 Ba6+ 28. Kg2 Qg5+ 29. Kf2 Qxe3+ 30. Qxe3 Nxe3 31. Bh3 Nd5 32. Rd1 Kd6 33. Bg2 Re2+ 34. Kg1 c6 35. Rh5 Rg8 36. Rg5 Ke7 37. Bxd5 cxd5 38. Bf6+ Kf8 39. Rxd5 Rxg5+ 40. Rxg5 Re6 41. Rf5 Bd3 42. Rf4 d5 43. b4 Be4 44. Kf2 Ke8 45. Bd4 Bg6 46. Rf6 Re4 47. Be3 d4 48. Bg5 Re5 49. Bh4 Rh5 50. Kg3 Rd5 51. Rc6 Kd7 52. Rc1 d3 53. Bg5 Bh5 54. Bd2 Re5 55. Rc3 Be2 56. Kf4 Rh5 57. Rc4 Rh4+ 0-1


[Site "https://www.chess.com"]

[Event "Titled Tuesday Blitz June 8 2021"]
[White "Bortnyk, Olexandr"]
[Black "Samsonkin, Artiom"]
[WhiteFideId "14120828"]
[BlackFideId "13503111"]
[WhiteElo "2723"]
[BlackElo "2513"]
[Result "1-0"]
[Round "06"]
[TimeControl "180+1"]
[Date "2021.06.08"]
[WhiteClock "0:01:05"]
[BlackClock "0:00:09"]

1. e4 c5 2. Nf3 d6 3. c3 Nf6 4. h3 Nc6 5. Bd3 d5 6. e5 Nd7 7. Bb5 Qb6 8. Qe2 e6 9. O-O c4 10. Ba4 Qc7 11. Re1 Bc5 12. d4 cxd3 13. Qxd3 Be7 14. Qe2 h6 15. Nbd2 b6 16. Nf1 Nc5 17. Bb5 Bd7 18. Ng3 a6 19. Bxc6 Bxc6 20. Nd4 Bb7 21. a4 Ne4 22. Nxe4 dxe4 23. Bf4 Bg5 24. Bg3 h5 25. h4 Be7 26. Nb3 g6 27. Nd2 e3 28. Qxe3 O-O-O 29. Ne4 Bc5 30. Qf4 Bxe4 31. Rxe4 Rd5 32. b4 Bf8 33. Rc4 1-0


[Site "https://www.chess.com"]

[Event "Titled Tuesday Blitz June 8 2021"]
[White "Can, Emre"]
[Black "Vignesh, N R"]
[WhiteFideId "6302181"]
[BlackFideId "25012215"]
[WhiteElo "2503"]
[BlackElo "2401"]
[Result "0-1"]
[Round "06"]
[TimeControl "180+1"]
[Date "2021.06.08"]
[WhiteClock "0:01:14"]
[BlackClock "0:00:30"]

1. d4 d5 2. c4 c6 3. cxd5 cxd5 4. Bf4 Nc6 5. e3 Nf6 6. Nc3 e6 7. Rc1 Bd6 8. Bxd6 Qxd6 9. f4 O-O 10. Bd3 Ne8 11. Nf3 f5 12. g4 fxg4 13. Ne5 Nf6 14. h3 g3 15. Rg1 Bd7 16. Rxg3 Be8 17. a3 Qe7 18. Rc2 Nh5 19. Rg4 Nxe5 20. dxe5 d4 21. exd4 Nxf4 22. Rf2 Bh5 23. Be4 Rad8 24. Qc2 Bxg4 25. Bxh7+ Kh8 26. hxg4 Qh4 27. Be4 Nh3 28. Nd1 Nxf2 29. Nxf2 Rxd4 0-1


[Site "https://www.chess.com"]

[Event "Titled Tuesday Blitz June 8 2021"]
[White "Chasin, Nico"]
[Black "Cunjalo, Faris"]
[WhiteFideId "30908477"]
[BlackFideId "14410710"]
[WhiteElo "2135"]
[BlackElo "2234"]
[Result "1/2-1/2"]
[Round "06"]
[TimeControl "180+1"]
[Date "2021.06.08"]
[WhiteClock "0:00:22"]
[BlackClock "0:00:16"]

1. d4 Nf6 2. c4 e6 3. Nc3 Bb4 4. Qc2 d5 5. cxd5 exd5 6. Bg5 h6 7. Bh4 c5 8. e3 cxd4 9. exd4 O-O 10. Nf3 Nc6 11. Be2 Bg4 12. Rd1 Bxf3 13. Bxf3 Re8+ 14. Be2 Re4 15. Bxf6 Qxf6 16. O-O Rxd4 17. Nxd5 Qd6 18. Nxb4 Nxb4 19. Qc3 Rd8 20. Rxd4 Qxd4 21. Qb3 Qb6 22. Bc4 Rd7 23. Re1 Kf8 24. h4 Nc6 25. Qxb6 axb6 26. Re2 Rd4 27. Bb5 Rxh4 28. Rc2 Rb4 29. Bxc6 bxc6 30. Rxc6 Rxb2 31. a4 h5 32. Rc7 g5 33. Rb7 Rb4 34. Ra7 Rb1+ 35. Kh2 Rb2 36. Kg3 Rb3+ 37. Kh2 Kg7 38. g3 Rb2 39. Kg2 Kg6 40. Ra6 f6 41. a5 bxa5 42. Rxa5 Rb4 43. Rc5 Rd4 44. Rb5 Rd6 45. Rc5 Re6 46. Rb5 Re5 47. Rb8 Kf5 48. Rh8 Kg6 49. Rg8+ Kh7 50. Rb8 Kg7 51. Rb7+ Kg6 52. Rb8 Rd5 53. Rg8+ Kh7 54. Rf8 Kg7 55. Rb8 Rd4 56. Rb7+ Kg6 57. Rb8 h4 58. Rg8+ Kf5 59. Rh8 hxg3 60. Kxg3 Rd3+ 61. Kg2 Kg4 62. Rc8 f5 63. Rc4+ f4 64. Ra4 Rb3 65. Rc4 Rd3 66. Ra4 Kh4 67. Rc4 Rb3 68. Ra4 Rd3 69. Rc4 Kg4 1/2-1/2


[Site "https://www.chess.com"]

[Event "Titled Tuesday Blitz June 8 2021"]
[White "Drygalov, Sergey"]
[Black "Abdusattorov, Nodirbek"]
[WhiteFideId "24171743"]
[BlackFideId "14204118"]
[WhiteElo "2514"]
[BlackElo "2662"]
[Result "1/2-1/2"]
[Round "06"]
[TimeControl "180+1"]
[Date "2021.06.08"]
[WhiteClock "0:00:04"]
[BlackClock "0:00:07"]

1. d4 Nf6 2. c4 e6 3. Nf3 d5 4. Nc3 c5 5. cxd5 Nxd5 6. e4 Nxc3 7. bxc3 cxd4 8. cxd4 Bb4+ 9. Bd2 Bxd2+ 10. Qxd2 O-O 11. Bc4 Nd7 12. O-O b6 13. Rfe1 Bb7 14. Rad1 Rc8 15. Bb3 h6 16. h3 Nf6 17. Qf4 Qc7 18. Qh4 b5 19. d5 exd5 20. e5 Ne4 21. Bxd5 Nc3 22. Bxb7 Qxb7 23. Rd6 Rc4 24. Nd4 Re8 25. Rd8 Rc8 26. Rxe8+ Rxe8 27. Nf5 Re6 28. Re3 Nd5 29. Rg3 Rg6 30. Rxg6 fxg6 31. Nd6 Qc7 32. Qe4 Qc1+ 33. Kh2 Qf4+ 34. Qxf4 Nxf4 35. Nxb5 a5 36. g3 Nd3 37. f4 g5 38. fxg5 hxg5 39. e6 Nc1 40. a3 Nb3 41. Kg2 Nd2 42. Kf2 Kf8 43. Ke3 Nf1+ 44. Kf3 Ke7 45. Nd4 Kf6 46. a4 Nd2+ 47. Ke3 Nc4+ 48. Ke4 Nb6 49. e7 Kxe7 50. Kf5 Nxa4 51. Nc6+ Kf7 52. Nxa5 g4 53. Kxg4 Kf6 54. Nc4 Nc5 55. Ne3 Ne6 56. h4 g6 57. Ng2 Ke5 58. Kf3 Nd4+ 59. Kg4 Ne6 60. Ne1 Kf6 61. Nf3 Ng7 62. Ng5 Nh5 63. Kf3 Ke5 64. Ne4 Ng7 65. Nf2 Nf5 66. Ng4+ Ke6 67. Kf4 Nd4 68. Ne3 Ne2+ 69. Kg4 Kf6 70. Nd5+ Ke5 71. Ne7 Kf6 72. Nc6 Nc3 73. Nd4 Nd5 74. Ne2 Ne3+ 75. Kf3 Nf5 76. Kg4 Ne3+ 77. Kf4 Nd5+ 78. Kf3 Ke5 79. Nf4 Nxf4 80. gxf4+ Kf5 81. Kg3 Kf6 82. Kg4 Kf7 83. Kf3 Kf6 84. Kf2 Kf5 85. Kg3 Kf6 86. Kg4 Kf7 87. Kf3 Kf6 88. Ke4 Ke6 89. Ke3 Kf5 90. Kf3 Kf6 1/2-1/2


[Site "https://www.chess.com"]

[Event "Titled Tuesday Blitz June 8 2021"]
[White "Esipenko, Andrey"]
[Black "Petriashvili, Nikoloz"]
[WhiteFideId "24175439"]
[BlackFideId "13611216"]
[WhiteElo "2595"]
[BlackElo "2430"]
[Result "1-0"]
[Round "06"]
[TimeControl "180+1"]
[Date "2021.06.08"]
[WhiteClock "0:00:27"]
[BlackClock "0:00:04"]

1. d4 Nf6 2. c4 g6 3. Nc3 d5 4. cxd5 Nxd5 5. e4 Nxc3 6. bxc3 c5 7. Qa4+ Bd7 8. Bb5 Bg7 9. Ne2 O-O 10. Be3 a6 11. Bxd7 Qxd7 12. Qa3 cxd4 13. cxd4 Nc6 14. Rd1 Rfc8 15. O-O Qd6 16. Qb3 Na5 17. Qb1 Nc4 18. Bf4 Qd7 19. d5 b5 20. Nd4 Bxd4 21. Rxd4 e5 22. Rxc4 bxc4 23. Bxe5 c3 24. Qc2 Qb5 25. Rb1 Qc4 26. f3 Ra7 27. h4 Qc5+ 28. Kf1 Qe3 29. h5 f5 30. d6 fxe4 31. Qb3+ Rf7 32. hxg6 hxg6 33. Qe6 c2 34. Qxc8+ Rf8 35. Qe6+ Kh7 36. Rb7+ Kh6 37. Qh3+ Kg5 38. Qg4+ Kh6 39. Qh4# 1-0


[Site "https://www.chess.com"]

[Event "Titled Tuesday Blitz June 8 2021"]
[White "Grandelius, Nils"]
[Black "Aditya Mittal"]
[WhiteFideId "1710400"]
[BlackFideId "35042025"]
[WhiteElo "2651"]
[BlackElo "2171"]
[Result "1-0"]
[Round "06"]
[TimeControl "180+1"]
[Date "2021.06.08"]
[WhiteClock "0:00:06"]
[BlackClock "0:00:03"]

1. d4 Nf6 2. c4 e6 3. Nc3 Bb4 4. g3 Bxc3+ 5. bxc3 d6 6. Bg2 Nc6 7. Nf3 e5 8. O-O O-O 9. dxe5 dxe5 10. Ba3 Qxd1 11. Rfxd1 Re8 12. Rab1 e4 13. Nd4 Ne5 14. Nb5 Nxc4 15. Bc1 Bg4 16. Nxc7 Rad8 17. Bg5 Rxd1+ 18. Rxd1 Rc8 19. Kf1 Nd7 20. Nd5 Re8 21. Rd4 Ncb6 22. Bxe4 h6 23. Nxb6 Nxb6 24. Be3 Be6 25. a4 Nc4 26. Bc1 b6 27. Bd3 Rc8 28. h4 Ne5 29. Bd2 Nxd3 30. exd3 Kf8 31. a5 Ke7 32. axb6 axb6 33. Rb4 Rd8 34. d4 b5 35. Ke2 Bc4+ 36. Ke3 Rd6 37. Kf3 Rf6+ 38. Kg2 Bd5+ 39. Kf1 Bc4+ 40. Ke1 Ra6 41. Rb1 Ra2 42. h5 Ke6 43. g4 f5 44. g5 f4 45. gxh6 gxh6 46. Bxf4 Re2+ 47. Kd1 Rxf2 48. Bxh6 Rf1+ 49. Kc2 Bd3+ 50. Kxd3 Rxb1 51. Bd2 Rh1 52. h6 Kd5 53. Be3 Rh3 54. Ke2 Ke4 55. Bd2 Rh2+ 56. Ke1 Kd3 57. Bf4 Rh4 58. Bg5 Rh5 59. Bf4 Kxc3 60. d5 Kc4 61. d6 Rd5 62. h7 Rh5 63. d7 Rxh7 64. d8=Q Rh1+ 65. Kf2 Rh7 66. Qg8+ Kd3 67. Qxh7+ 1-0


[Site "https://www.chess.com"]

[Event "Titled Tuesday Blitz June 8 2021"]
[White "Henderson de La Fuente, Lance"]
[Black "Ivic, Velimir"]
[WhiteFideId "32096585"]
[BlackFideId "950122"]
[WhiteElo "2280"]
[BlackElo "2509"]
[Result "0-1"]
[Round "06"]
[TimeControl "180+1"]
[Date "2021.06.08"]
[WhiteClock "0:00:01"]
[BlackClock "0:00:02"]

1. e4 c5 2. Nc3 Nc6 3. Nf3 g6 4. Bb5 Bg7 5. Bxc6 bxc6 6. d3 e5 7. Be3 d6 8. a3 a5 9. Nd2 Nf6 10. h3 O-O 11. O-O Nh5 12. Rb1 Nf4 13. Bxf4 exf4 14. Nf3 Rb8 15. d4 cxd4 16. Nxd4 Qb6 17. Nf3 Ba6 18. Re1 Qc5 19. Qd2 Rfd8 20. Na4 Qb5 21. b3 d5 22. Qxf4 dxe4 23. Rxe4 Qd5 24. Rbe1 c5 25. Ne5 Bb7 26. c4 Qe6 27. Nxc5 Qe7 28. Nxb7 Qxb7 29. R4e3 Re8 30. Ng4 Rxe3 31. Rxe3 Rd8 32. Kh2 h5 33. Nf6+ Kh8 34. Nd5 Qd7 35. Qe4 Qd6+ 36. g3 Qxa3 37. Qe7 Qxe7 38. Rxe7 Rb8 39. Rxf7 Rxb3 40. Nf4 a4 41. Ra7 a3 42. Nxg6+ Kh7 43. Nh4 Kg8 44. Nf5 Be5 0-1


[Site "https://www.chess.com"]

[Event "Titled Tuesday Blitz June 8 2021"]
[White "Ibrahimli, Murad"]
[Black "Narayanan.S.L"]
[WhiteFideId "13410229"]
[BlackFideId "5058422"]
[WhiteElo "2109"]
[BlackElo "2617"]
[Result "0-1"]
[Round "06"]
[TimeControl "180+1"]
[Date "2021.06.08"]
[WhiteClock "0:00:02"]
[BlackClock "0:00:35"]

1. d4 g6 2. Nf3 Bg7 3. g3 f5 4. Bg2 Nf6 5. O-O O-O 6. b3 d6 7. Bb2 a5 8. c4 e6 9. Nc3 Qe7 10. Re1 Ne4 11. Rc1 c6 12. Na4 Nd7 13. Nd2 d5 14. e3 g5 15. f3 Nef6 16. e4 dxe4 17. fxe4 Qf7 18. e5 Ng4 19. Nf3 Qg6 20. d5 f4 21. dxe6 Qxe6 22. Nd4 Qh6 23. Qxg4 Nxe5 24. Qe2 Bg4 25. Qc2 f3 26. Rxe5 Bxe5 27. Qe4 Rae8 28. Qxg4 fxg2 29. Kxg2 Qf6 30. Kh3 Qh6+ 31. Kg2 Qf6 32. Kh3 Rd8 33. Nc5 Bxd4 34. Bxd4 Rxd4 35. Qe6+ Kh8 36. Qxf6+ Rxf6 37. Nxb7 Kg7 38. Nxa5 g4+ 39. Kh4 Kg6 40. Re1 h5 41. Re6 Rxe6 0-1


[Site "https://www.chess.com"]

[Event "Titled Tuesday Blitz June 8 2021"]
[White "Indjic, Aleksandar"]
[Black "Shahaliyev, Ismayil"]
[WhiteFideId "911925"]
[BlackFideId "13406388"]
[WhiteElo "2643"]
[BlackElo "2105"]
[Result "0-1"]
[Round "06"]
[TimeControl "180+1"]
[Date "2021.06.08"]
[WhiteClock "0:00:05"]
[BlackClock "0:00:14"]

1. d4 Nf6 2. Nf3 e6 3. Bg5 h6 4. Bxf6 Qxf6 5. e4 d6 6. Nbd2 g5 7. c3 Bg7 8. Nc4 Qe7 9. Bd3 b6 10. a4 a6 11. O-O Bb7 12. Re1 Nd7 13. b4 g4 14. Nfd2 h5 15. Nf1 Qg5 16. Nfe3 O-O-O 17. Qe2 Nb8 18. d5 Nd7 19. Rec1 Kb8 20. a5 b5 21. Na3 c6 22. dxc6 Bxc6 23. c4 Bxa1 24. cxb5 Bxb5 25. Nxb5 axb5 26. Rxa1 Qe5 27. Rd1 Nf6 28. Bxb5 Qxe4 29. Ba6 Ka7 30. Bd3 Qxb4 31. Nc4 Nd5 32. Rb1 Qc5 33. Qd2 Rb8 34. Rc1 Qb4 35. Qe2 Rhc8 36. g3 Rc5 37. Kg2 Rbc8 38. Rc2 Nc3 39. Qe3 Ka8 40. Rxc3 Rxc4 41. Bxc4 Rxc4 42. Rb3 Qc5 43. Qd3 Qc6+ 44. Kf1 Rc1+ 45. Ke2 Rc2+ 46. Kd1 Ra2 0-1


[Site "https://www.chess.com"]

[Event "Titled Tuesday Blitz June 8 2021"]
[White "Kamsky, Gata"]
[Black "Bologan, Victor"]
[WhiteFideId "2000024"]
[BlackFideId "13900048"]
[WhiteElo "2644"]
[BlackElo "2511"]
[Result "1-0"]
[Round "06"]
[TimeControl "180+1"]
[Date "2021.06.08"]
[WhiteClock "0:01:22"]
[BlackClock "0:00:37"]

1. d4 d5 2. Bf4 Nf6 3. e3 g6 4. Nf3 Bg7 5. c3 O-O 6. Nbd2 b6 7. Be2 Bb7 8. O-O c5 9. h3 Nc6 10. a4 Nd7 11. Qb3 e5 12. dxe5 Ndxe5 13. Nxe5 Nxe5 14. Nf3 Nc4 15. Rfd1 Qe7 16. Bxc4 dxc4 17. Qxc4 Bxf3 18. gxf3 Qh4 19. Qf1 Rad8 20. Kg2 h5 21. Rxd8 Rxd8 22. Rd1 Re8 23. Rd5 Qe7 24. Qb5 Rd8 25. Qd3 Rxd5 26. Qxd5 Qe8 27. a5 Qb5 28. Qa8+ Kh7 29. Qxa7 bxa5 30. Qxf7 c4 31. e4 a4 32. h4 Qc5 33. e5 a3 34. bxa3 Qxa3 35. e6 Qf8 36. Qxf8 Bxf8 37. Bg5 1-0


[Site "https://www.chess.com"]

[Event "Titled Tuesday Blitz June 8 2021"]
[White "Klekowski, Maciej"]
[Black "Kollars, Dmitrij"]
[WhiteFideId "1132717"]
[BlackFideId "12909572"]
[WhiteElo "2454"]
[BlackElo "2576"]
[Result "0-1"]
[Round "06"]
[TimeControl "180+1"]
[Date "2021.06.08"]
[WhiteClock "0:00:04"]
[BlackClock "0:00:11"]

1. e4 e5 2. Nf3 Nc6 3. Bb5 a6 4. Ba4 Nf6 5. O-O Bc5 6. c3 b5 7. Bc2 d5 8. d3 O-O 9. Nbd2 Re8 10. Qe2 h6 11. a4 Be6 12. Nb3 Bf8 13. Rd1 b4 14. a5 Rb8 15. Nbd2 Nd7 16. Ba4 Ne7 17. Nf1 c6 18. Be3 bxc3 19. bxc3 Qc7 20. Ng3 Ng6 21. Rdb1 Nc5 22. exd5 Bxd5 23. Bc2 Nf4 24. Qd1 Rxb1 25. Bxb1 Rd8 26. Bxf4 exf4 27. Nf5 Nb3 28. Ra4 g6 29. N5d4 Nxd4 30. Nxd4 Bg7 31. f3 Rb8 32. Bc2 Qa7 33. Qd2 Qc5 34. h4 Rb2 35. Kh2 Qe7 36. Qf2 Kh7 37. c4 Bxd4 38. Qxd4 Qxh4+ 39. Kg1 Rxc2 40. Ra1 Bxf3 0-1


[Site "https://www.chess.com"]

[Event "Titled Tuesday Blitz June 8 2021"]
[White "Korobov, Anton"]
[Black "Woodward, Andy"]
[WhiteFideId "14105730"]
[BlackFideId "30953499"]
[WhiteElo "2668"]
[BlackElo "2723"]
[Result "1-0"]
[Round "06"]
[TimeControl "180+1"]
[Date "2021.06.08"]
[WhiteClock "0:01:13"]
[BlackClock "0:00:22"]

1. d4 Nf6 2. c4 c6 3. Bf4 d5 4. e3 g6 5. Nc3 Bg7 6. Nf3 O-O 7. Be2 dxc4 8. Bxc4 Nd5 9. Bg3 Be6 10. Bd3 c5 11. Nxd5 Bxd5 12. e4 Be6 13. d5 Bg4 14. O-O Nd7 15. Qc2 Bxf3 16. gxf3 Ne5 17. Be2 Rc8 18. f4 Nd7 19. Rad1 Qa5 20. e5 Qxa2 21. d6 exd6 22. Rxd6 Nb8 23. f5 Nc6 24. f6 Nd4 25. Bc4 Qa5 26. Rxd4 cxd4 27. fxg7 Kxg7 28. Qd3 Qb4 29. Bd5 Qxb2 30. e6 fxe6 31. Be5+ Kf7 32. Bxd4 Qc2 33. Qh3 exd5 34. Qd7+ Kg8 35. Qg7# 1-0


[Site "https://www.chess.com"]

[Event "Titled Tuesday Blitz June 8 2021"]
[White "Lazavik, Denis"]
[Black "Harutjunyan, Gevorg"]
[WhiteFideId "13515110"]
[BlackFideId "13300873"]
[WhiteElo "2436"]
[BlackElo "2498"]
[Result "1-0"]
[Round "06"]
[TimeControl "180+1"]
[Date "2021.06.08"]
[WhiteClock "0:00:08"]
[BlackClock "0:00:01"]

1. d4 Nf6 2. c4 g6 3. g3 Bg7 4. Bg2 d6 5. Nc3 O-O 6. Nf3 Nbd7 7. O-O e5 8. e4 c6 9. h3 exd4 10. Nxd4 Qb6 11. Re1 Re8 12. Re2 a5 13. Be3 Qb4 14. Rc2 a4 15. a3 Qa5 16. Rac1 Nc5 17. f3 Nh5 18. Bf2 Qc7 19. Nce2 Qe7 20. g4 Nf6 21. Bg3 Nfd7 22. Rd2 Ne5 23. Rc3 Bh6 24. f4 Nxg4 25. hxg4 Bxg4 26. Re3 Qf6 27. Qf1 Ne6 28. Nxe6 Qxe6 29. Nc3 Bg7 30. Qf2 Qxc4 31. Bf1 Qc5 32. Red3 Qh5 33. Bg2 d5 34. exd5 c5 35. d6 c4 36. Rd5 f5 37. d7 Red8 38. Nb5 Ra6 39. Nc7 Rc6 40. Ne8 Re6 41. Nxg7 Kxg7 42. Qd4+ Kh6 43. Re5 Rf6 44. Re7 1-0


[Site "https://www.chess.com"]

[Event "Titled Tuesday Blitz June 8 2021"]
[White "Maly, Alexey"]
[Black "Andreikin, Dmitry"]
[WhiteFideId "14103184"]
[BlackFideId "4158814"]
[WhiteElo "2285"]
[BlackElo "2782"]
[Result "0-1"]
[Round "06"]
[TimeControl "180+1"]
[Date "2021.06.08"]
[WhiteClock "0:00:12"]
[BlackClock "0:00:16"]

1. d4 Nf6 2. c4 e6 3. Nf3 b6 4. g3 Bb7 5. Bg2 Bb4+ 6. Nbd2 O-O 7. O-O a5 8. b3 a4 9. Rb1 axb3 10. axb3 Ra2 11. Bb2 Na6 12. Qc1 Ne4 13. Ra1 Rxa1 14. Bxa1 Qa8 15. Nxe4 Bxe4 16. Bb2 h6 17. Qf4 Bd6 18. Qe3 Nb4 19. Ra1 Qb7 20. Qc3 Be7 21. Ne1 Bxg2 22. Nxg2 Ra8 23. f3 c5 24. Rxa8+ Qxa8 25. dxc5 Bxc5+ 26. Kf1 Bf8 27. Nf4 Qa2 28. Nh5 Qb1+ 29. Kg2 Qg6 30. Nf4 Qb1 31. Nh5 Na2 32. Qd4 Qc2 33. Nxg7 Qxe2+ 34. Kh3 e5 35. Qxd7 Bxg7 36. Qe8+ Kh7 37. Qxf7 Qxb2 38. Qf5+ Kg8 39. Qe6+ Kh8 40. Qc8+ Kh7 41. Qf5+ Kg8 42. Qe6+ Kf8 43. Qd6+ Kf7 44. Qd7+ Kf6 45. Qd6+ Kf7 46. Qd7+ Kf6 47. Qd6+ Kg5 48. Qd8+ Kg6 49. Qd6+ Bf6 50. Qd3+ Kg7 51. Qd7+ Kg6 52. Qd3+ e4 53. Qxe4+ Kf7 54. Qd5+ Kg7 55. Qd7+ Kf8 56. Qc8+ Kf7 57. Qd7+ Be7 58. Qd5+ Kg7 59. Qe6 Qf6 60. Qd5 Nb4 61. Qe4 Kf7 62. f4 Qe6+ 63. Qxe6+ Kxe6 64. Kg4 Nd3 65. Kh5 Nc1 66. b4 Bxb4 67. Kxh6 Nb3 68. g4 Nd2 69. g5 Nxc4 70. g6 Bf8+ 71. g7 Bxg7+ 72. Kxg7 Nd6 73. h4 Nf5+ 74. Kg6 Nxh4+ 75. Kg5 Nf5 76. Kg4 b5 77. Kf3 Kd5 78. Ke2 Ke4 79. Kd2 Kxf4 80. Kc3 Ke5 81. Kb4 Nd6 82. Kc5 Ke4 83. Kb4 Kd4 84. Kb3 Kc5 85. Kc3 b4+ 86. Kb3 Kb5 87. Kb2 Kc4 88. Kc2 b3+ 89. Kb2 Kb4 90. Kb1 Kc3 91. Kc1 Nc4 92. Kb1 Nd2+ 93. Ka1 b2+ 94. Ka2 b1=Q+ 95. Ka3 Qa1# 0-1


[Site "https://www.chess.com"]

[Event "Titled Tuesday Blitz June 8 2021"]
[White "Nagy, Gabor"]
[Black "Gahan, M G"]
[WhiteFideId "737119"]
[BlackFideId "5027373"]
[WhiteElo "2562"]
[BlackElo "2264"]
[Result "0-1"]
[Round "06"]
[TimeControl "180+1"]
[Date "2021.06.08"]
[WhiteClock "0:00:29"]
[BlackClock "0:00:55"]

1. e4 c5 2. Nf3 d6 3. d4 cxd4 4. Nxd4 Nf6 5. Nc3 a6 6. Be2 e5 7. Nb3 Be7 8. g4 h6 9. Rg1 Be6 10. Be3 d5 11. exd5 Nxd5 12. Nxd5 Qxd5 13. Qxd5 Bxd5 14. O-O-O Bxb3 15. axb3 Nc6 16. Bb6 Bg5+ 17. Kb1 Bd8 18. Be3 Bg5 19. Bc5 Be7 20. Bxe7 Kxe7 21. Bf3 Rac8 22. h4 Rhd8 23. Rde1 f6 24. c3 Rd2 25. g5 hxg5 26. hxg5 Rxf2 27. gxf6+ gxf6 28. Rg7+ Ke6 29. Bh5 b5 30. Bf7+ Kf5 31. Bd5 Na5 32. Ra7 Rd8 33. Be4+ Kf4 34. Rxa6 f5 35. Bc2 Rdd2 36. Rxa5 Rxc2 37. Rxb5 Rxb2+ 38. Ka1 e4 39. c4 e3 40. c5 Ra2+ 41. Kb1 Rfb2+ 42. Kc1 Rd2 43. Kb1 Rab2+ 44. Ka1 e2 45. c6 Rbc2 46. Rb4+ Kf3 47. Rc4 Rd1+ 48. Rxd1 exd1=Q# 0-1


[Site "https://www.chess.com"]

[Event "Titled Tuesday Blitz June 8 2021"]
[White "Nakamura, Hikaru"]
[Black "Gavrilescu, David"]
[WhiteFideId "2016192"]
[BlackFideId "1227190"]
[WhiteElo "2900"]
[BlackElo "2370"]
[Result "1-0"]
[Round "06"]
[TimeControl "180+1"]
[Date "2021.06.08"]
[WhiteClock "0:00:45"]
[BlackClock "0:00:08"]

1. Nf3 d5 2. e3 Nf6 3. c4 e6 4. b3 c5 5. Bb2 Nc6 6. cxd5 exd5 7. d4 cxd4 8. Nxd4 Bb4+ 9. Bc3 Bd6 10. Nd2 O-O 11. Be2 Re8 12. O-O Nxd4 13. Bxd4 Bf5 14. a3 a6 15. b4 Rc8 16. Qb3 h6 17. Rfc1 Ne4 18. Nxe4 dxe4 19. Bc4 Qe7 20. Bd5 Rxc1+ 21. Rxc1 Be6 22. Bxe6 Qxe6 23. Qxe6 Rxe6 24. Rc8+ Kh7 25. Kf1 Kg6 26. Rd8 Be5 27. Rd7 Bxd4 28. exd4 Rb6 29. g4 Rb5 30. Rc7 Rd5 31. Rxb7 Rxd4 32. Rb6+ Kg5 33. Rxa6 Kxg4 34. Ra7 f5 35. Rxg7+ Kf3 36. Rg3+ Kf4 37. Rb3 Rd2 38. b5 e3 39. fxe3+ Kf3 40. Ke1 1-0


[Site "https://www.chess.com"]

[Event "Titled Tuesday Blitz June 8 2021"]
[White "Nenezic, Marko"]
[Black "Svane, Rasmus"]
[WhiteFideId "912123"]
[BlackFideId "4657101"]
[WhiteElo "2438"]
[BlackElo "2669"]
[Result "0-1"]
[Round "06"]
[TimeControl "180+1"]
[Date "2021.06.08"]
[WhiteClock "0:00:38"]
[BlackClock "0:00:55"]

1. Nf3 d5 2. g3 e6 3. Bg2 Nf6 4. O-O Be7 5. b3 O-O 6. Bb2 c5 7. d3 Nc6 8. Nbd2 Qc7 9. e4 Rd8 10. Re1 dxe4 11. dxe4 b6 12. e5 Nd5 13. Qe2 Ndb4 14. Ne4 Ba6 15. c4 Nd4 16. Nxd4 cxd4 17. a3 Nc6 18. f4 d3 19. Qg4 Na5 20. Nf6+ Kh8 21. Be4 h6 22. Qh5 Nxb3 23. Rad1 d2 24. Re2 Bxc4 25. Rf2 Bc5 26. Ng4 Be2 0-1


[Site "https://www.chess.com"]